 Dungeon Crawl Stone Soup version 0.21.0-24-g2553a33 (webtiles) character file.

52 mopl the Vexing (level 3, 0/24 HPs)
             Began as a Mummy Enchanter on Jan 19, 2018.
             Slain by a goblin
             ... wielding a +0 club
              (4 damage)
             ... on level 2 of the Dungeon.
             The game lasted 00:02:35 (1614 turns).

mopl the Vexing (Mummy Enchanter)                   Turns: 1614, Time: 00:02:36

Health: 0/24       AC:  2    Str: 11    XL:     3   Next: 60%
Magic:  3/7        EV: 12    Int: 14    God:
Gold:   57         SH:  0    Dex: 13    Spells: 2/8 levels left

rFire    x . .     SeeInvis .   a - +1 dagger
rCold    + . .     Gourm    .   (no shield)
rNeg     + + +     Faith    .   b - +0 robe
rPois    ∞         Spirit   .   (no helmet)
rElec    .         Reflect  .   (no cloak)
rCorr    .         Harm     .   (no gloves)
MR       .....                  (no boots)
Stlth    ++........             (no amulet)
HPRegen  0.08/turn              (no ring)
MPRegen  0.10/turn              (no ring)

@: no status effects
A: no food or potions, fire vulnerability, cold resistance 1, negative energy
resistance 3, torment resistance, unbreathing
a: no special abilities


You were on level 2 of the Dungeon.
You were not hungry.

You visited 1 branch of the dungeon, and saw 2 of its levels.

You collected 57 gold pieces.

Inventory:

Hand Weapons
 a - a +1 dagger (weapon)
Armour
 b - a +0 robe (worn)
Scrolls
 d - a scroll of identify {unknown}
 e - a scroll of fog {unknown}
 f - a scroll of blinking {unknown}
 g - a scroll of teleportation {unknown}
 h - a scroll of enchant armour {unknown}
Books
 c - a book of Maledictions

   Spells                             Type                      Level
   a - Corona                         Hexes                        1
   b - Ensorcelled Hibernation        Hexes/Ice                    2
   c - Confuse                        Hexes                        3
   d - Tukima's Dance                 Hexes                        3
   e - Dazzling Spray                 Conjuration/Hexes            3


   Skills:
 - Level 0.7 Short Blades
 - Level 1.5 Dodging
 * Level 3.1 Stealth
 + Level 3.2 Spellcasting
 * Level 3.2 Hexes
 + Level 0.6 Ice Magic


You had 2 spell levels left.
You knew the following spells:

 Your Spells              Type           Power        Failure   Level  Hunger
a - Corona                Hex            ##.....      5%          1    N/A
b - Ensorcelled Hibernat  Hex/Ice        #.....       14%         2    N/A
c - Confuse               Hex            ##......     16%         3    N/A

Dungeon Overview and Level Annotations

Branches:
Dungeon (2/15)

Altars:


Innate Abilities, Weirdness & Mutations

You do not eat or drink.
Your flesh is vulnerable to fire.
You are immune to poison.
Your flesh is cold resistant. (rC+)
You are immune to negative energy. (rN+++)
You are immune to unholy pain and torment.
You can survive without breathing.


Message History

The adder bites you.
* * * LOW HITPOINT WARNING * * *
The adder bites you but does no damage.
You barely miss the adder.
The adder is almost dead.
The adder misses you.
You closely miss the adder.
The adder is almost dead.
The adder stops glowing.
The adder bites you.
* * * LOW HITPOINT WARNING * * *
You hit the adder.
You kill the adder!
Casting: Corona
Confirm with . or Enter, or press ? or * to list all spells.
Aiming: Ensorcelled Hibernation
Press: ? - help, Shift-Dir - straight line, f - goblin
Aim: a goblin, wielding a club (chance to defeat MR: 56%)
The goblin resists with significant effort.
The goblin hits you with a club.
You die...

##+### .....# .....# +
.....+ ##
#################.....#
.###............@g.'.....#
.......#############.....#
.....#.# .....# ######'##
.....# +.......# .....#
###.....# .....# # #.....#
.....# # #.....# .....# #
#.....#


You could see a goblin.

Vanquished Creatures
  An adder (D:2)
  An ooze (D:2)
  A worm (D:2)
  2 dart slugs (D:1)
  2 leopard geckos
  3 giant cockroaches (D:1)
  A goblin (D:1)
  5 hobgoblins (D:1)
  2 jackals (D:1)
  A ball python (D:1)
  2 bats (D:1)
  2 frilled lizards (D:1)
  4 kobolds (D:1)
  3 rats (D:1)
30 creatures vanquished.

Notes
Turn   | Place    | Note
-------+----------+-------------------------------------------
     0 | D:1      | mopl the Mummy Enchanter began the quest for the Orb.
     0 | D:1      | Reached XP level 1. HP: 13/13 MP: 4/4
   212 | D:1      | Reached XP level 2. HP: 9/19 MP: 3/5
   375 | D:1      | Learned a level 2 spell: Ensorcelled Hibernation
   418 | D:1      | Reached skill level 3 in Hexes
   500 | D:1      | Reached skill level 3 in Spellcasting
   890 | D:1      | Reached XP level 3. HP: 22/24 MP: 5/7
  1036 | D:1      | Learned a level 3 spell: Confuse
  1283 | D:2      | Reached skill level 3 in Stealth
  1614 | D:2      | Slain by a goblin

Skill      XL: |  1  2  3 |
---------------+----------+-----
Hexes          | 3 |  3.2
Spellcasting   | 3 |  3.2
Stealth        | 3 |  3.1
Short Blades   | |  0.7
Dodging        | |  1.5
Ice Magic      | |  0.6

Action                   || total
-------------------------++-------
Melee: Dagger            ||   125
 Cast: Corona            ||    30
       Ensorcelled Hiber ||     3
 Stab: Sleeping          ||     5
Armor: Robe              ||    19
Dodge: Dodged            ||    81
